 Dungeon Crawl Stone Soup version 0.25.0-11-g1f837a76a1 (webtiles) character file.

Game seed: 16917447072830854105

192907 Aviak the Unseen (level 17, 0/85 HPs)
             Began as a Spriggan Skald on June 27, 2020.
             Was an Initiate of Gozag.
             Slain by a six-headed hydra (14 damage)
             ... on level 2 of the Swamp.
             The game lasted 01:29:44 (35313 turns).

Aviak the Unseen (Spriggan Skald)                  Turns: 35313, Time: 01:29:45

Health: 0/85       AC: 12    Str:  9      XL:     17   Next: 62%
Magic:  1/33       EV: 30    Int: 21      God:    Gozag
Gold:   3952       SH:  9    Dex: 15 (16) Spells: 21/38 levels left

rFire    + + .     SeeInvis +   J - +7 captain's cutlass {speed, disarm}
rCold    + + .     Gourm    .   w - +1 buckler {AC+3}
rNeg     + . .     Faith    .   L - +2 robe {rC+ rF+}
rPois    +         Spirit   .   V - +1 hat
rElec    .         Reflect  .   S - scarf {+Inv}
rCorr    .         Harm     .   (gloves unavailable)
MR       ++...                  (boots unavailable)
Stlth    ++++++++..             e - amulet of regeneration
HPRegen  0.64/turn              A - +4 ring of protection
MPRegen  0.23/turn              E - ring of Zunk {*Contam rPois rC+ rN+}

@: gold aura, very slightly contaminated, very quick
A: very small, unfitting armour, see invisible, deterioration 1, fire resistance
1, herbivore, speed 3, sense surroundings 1, slow metabolism 2, strong 1,
MP-powered wands
}: 1/15 runes: gossamer
a: Potion Petition, Call Merchant, Bribe Branch, Renounce Religion, Evoke
Invisibility


You were on level 2 of the Swamp.
You worshipped Gozag.
Gozag was most pleased with you.
You were not hungry.

You visited 6 branches of the dungeon, and saw 30 of its levels.
You also visited: Bailey.

You collected 11554 gold pieces.
You spent 4236 gold pieces at shops.
You paid 3366 gold pieces to Gozag.

Inventory:

Hand Weapons
 J - the +7 captain's cutlass (weapon) {speed, disarm}
   (You bought it in a shop on level 7 of the Dungeon)

   Attacks with this weapon are significantly faster.
Armour
 n - the +1 robe of Refuge {rElec rN+ Int+4}
   (You bought it in a shop on level 2 of the Orcish Mines)

   It affects your intelligence (+4).
   It insulates you from electricity.
   It protects you from negative energy.
 w - a +1 buckler of protection (worn)
 L - a +2 robe of resistance (worn)
 O - the +1 troll leather armour of Desocw {rC++ Regen+}
   (You found it in a bailey)

   It greatly protects you from cold.
   It increases your rate of regeneration.
 S - a scarf of invisibility (worn)
 V - a +1 hat (worn)
Jewellery
 e - an amulet of regeneration (around neck)
 j - a +6 ring of intelligence
 A - a +4 ring of protection (left hand)
 D - an uncursed amulet of reflection
 E - the ring of Zunk (right hand) {*Contam rPois rC+ rN+}
   (You bought it in a shop on level 9 of the Dungeon)

   [ring of poison resistance]

   It protects you from cold.
   It protects you from poison.
   It protects you from negative energy.
   It causes magical contamination when unequipped.
 F - an uncursed ring of protection from fire
 M - an uncursed ring of protection from magic
Wands
 b - a wand of digging (20)
 Q - a wand of paralysis (26)
 R - a wand of clouds (4)
 T - a wand of acid (3)
 U - a wand of enslavement (23)
 Y - a wand of disintegration (6)
 Z - a wand of iceblast (33)
Scrolls
 i - 7 scrolls of identify
 k - 6 scrolls of fog
 m - 6 scrolls of enchant armour
 o - 4 scrolls of amnesia
 p - 4 scrolls of magic mapping
 r - 16 scrolls of remove curse
 s - 2 scrolls of summoning {!r}
 t - 12 scrolls of teleportation
 y - 5 scrolls of immolation
 B - a scroll of enchant weapon
 K - a scroll of holy word
 P - a scroll of torment {unknown}
Potions
 a - 7 potions of lignification {!q}
 c - a potion of curing
 g - 4 potions of ambrosia
 h - 3 potions of heal wounds
 l - 3 potions of cancellation
 q - 5 potions of invisibility
 v - a potion of might
 x - 7 potions of flight
 C - a potion of magic
 G - 3 potions of berserk rage
 H - a potion of stabbing
 N - 4 potions of brilliance
 W - a potion of mutation {!q}
 X - a potion of resistance
Miscellaneous
 f - a lightning rod (4/4)
 z - a tin of tremorstones (3/3)
 I - a phantom mirror
Comestibles
 d - 27 rations


   Skills:
 - Level 8.0 Fighting
 - Level 14.0 Short Blades
 - Level 15.0 Dodging
 + Level 20.7 Stealth
 - Level 7.2 Shields
 - Level 11.2 Spellcasting
 - Level 4.0 Conjurations
 - Level 5.3 Hexes
 - Level 5.0 Charms
 - Level 12.0 Transmutations
 - Level 2.0 Ice Magic
 - Level 4.0 Earth Magic
 - Level 16.5 Evocations


You had 21 spell levels left.
You knew the following spells:

 Your Spells              Type           Power        Failure   Level  Hunger
a - Infusion              Chrm           ####         1%          1    None
b - Song of Slaying       Chrm           ####....     1%          2    None
c - Ozocubu's Armour      Chrm/Ice       ####....     4%          3    None
d - Dazzling Flash        Conj/Hex       ####..       2%          3    None
e - Ensorcelled Hibernat  Hex/Ice        ####..       1%          2    None
f - Statue Form           Tmut/Erth      #####....    32%         6    ######.

Your spell library contained the following spells:

 Spells                   Type           Power        Failure   Level  Hunger
 Corona                   Hex            ####...      1%          1    None
 Magic Dart               Conj           ####         1%          1    None
 Passwall                 Tmut/Erth      #####...     1%          2    None
 Searing Ray              Conj           ####..       1%          2    None
 Slow                     Hex            ####....     1%          2    None
 Confusing Touch          Hex            ####....     1%          3    None
 Spectral Weapon          Hex/Chrm       ####....     1%          3    None
 Tukima's Dance           Hex            ####....     1%          3    None
 Shroud of Golubria       Chrm/Tloc      ###...       3%          2    None
 Swiftness                Chrm/Air       ###.....     3%          2    None
 Apportation              Tloc           ##....       6%          1    None
 Summon Butterflies       Summ           ##......     6%          1    None
 Summon Small Mammal      Summ           ##..         6%          1    None
 Summon Guardian Golem    Hex/Summ       ###.....     6%          3    None
 Conjure Flame            Conj/Fire      ###.....     8%          3    None
 Blink                    Tloc           N/A          9%          2    None
 Call Imp                 Summ           ##......     9%          2    None
 Fulminant Prism          Conj/Hex       ####......   9%          4    #......
 Leda's Liquefaction      Hex/Erth       ####......   9%          4    #......
 Mephitic Cloud           Conj/Pois/Air  ###.....     10%         3    None
 Alistair's Intoxication  Tmut/Pois      #####...     14%         5    ####...
 Call Canine Familiar     Summ           ##......     17%         3    None
 Lesser Beckoning         Tloc           ##........   17%         3    None
 Recall                   Summ/Tloc      N/A          17%         3    None
 Iskenderun's Mystic Bla  Conj/Tloc      ###.....     26%         4    #......
 Lee's Rapid Deconstruct  Erth           ####......   30%         5    ####...
 Summon Ice Beast         Ice/Summ       ###.....     36%         4    #......
 Bolt of Magma            Conj/Fire/Erth ###.......   47%         5    ####...
 Summon Mana Viper        Hex/Summ       ###.....     47%         5    ####...
 Passage of Golubria      Tloc           N/A          50%         4    #......
 Summon Lightning Spire   Summ/Air       ##......     50%         4    #......
 Darkness                 Hex            ####......   69%         6    ######.
 Invisibility             Hex            ####....     69%         6    ######.
 Aura of Abjuration       Summ           ##........   85%         5    ####...
 Summon Demon             Summ           ##........   85%         5    ####...
 Summon Forest            Summ/Tloc      ##........   85%         5    ####...
 Iron Shot                Conj/Erth      ####......   86%         6    ######.
 Shadow Creatures         Summ           N/A          100%        6    ######.
 Shatter                  Erth           ####......   100%        9    #######


Dungeon Overview and Level Annotations

Branches:
Dungeon (15/15)            Temple (1/1) D:6            Lair (6/6) D:9
  Swamp (2/4) Lair:3       Spider (4/4) Lair:3        Slime (0/5) Lair:6
    Orc (2/2) D:9             Elf (0/3) Orc:2        Vaults (0/5) D:14
 Depths (0/5) D:15         Bailey (visited)

Altars:
Ashenzari
Cheibriados
Dithmenos
Elyvilon
Fedhas
Gozag
Hepliaklqana
Kikubaaqudgha
Makhleb
Nemelex Xobeh
Okawaru
Qazlal
Ru
Sif Muna
Trog
Uskayaw
Vehumet
Wu Jian
Xom
Yredelemnul
Zin
The Shining One
Beogh
Jiyva

Shops:
D:7 (:=   D:9 ==   D:12 (   D:14 ?   Orc:2 *[([}

Annotations:
D:14 Coguem Gaq's ghost, journeyman TrFi
Lair:2 exclusion: 2 oklob plants
Lair:4 3 runed translucent doors, SamuraiZach's ghost, journeyman TrBe; runemage's ghost, journeyman GnFi
Orc:1 3 runed translucent doors, Dienlag's ghost, novice OpMo


Innate Abilities, Weirdness & Mutations

You are very small and have problems with some larger weapons.
You are too small for most types of armour.
You have supernaturally acute eyesight. (SInv)
You are a herbivore.
You cover ground extremely quickly.
You need to consume almost no food.
Your body sometimes deteriorates upon taking damage.
Your flesh is heat resistant. (rF+)
You passively map a small area around you.
Your muscles are strong. (Str +2)
You expend magic power (3 MP) to strengthen your wands.


Message History

The six-headed hydra bites you!
You block the six-headed hydra's attack.
The six-headed hydra bites you!
The six-headed hydra completely misses you.
The six-headed hydra bites you but does no damage.
You block the six-headed hydra's attack.
You barely miss the six-headed hydra.
The six-headed hydra is severely wounded.
You hit the six-headed hydra.
The six-headed hydra is severely wounded.
The six-headed hydra bites you!
Your body deteriorates!
You feel clumsy. The six-headed hydra bites you!
* * * LOW HITPOINT WARNING * * *
The six-headed hydra closely misses you.
The six-headed hydra completely misses you.
The six-headed hydra bites you but does no damage.
The six-headed hydra bites you!
You die...
Your body crumbles into a pile of gold.

.≈≈≈.♣♣♣♣≈≈♣≈.$≈≈.≈≈≈..≈
* .≈≈≈.♣≈≈♣♣
♣..≈≈≈.....♣♣ .≈≈≈$.≈≈.♣
♣♣♣.≈≈.♣♣♣♣♣ ≈
.≈≈..≈≈≈.♣♣♣♣♣$...♣ ≈
..?.≈...≈≈.♣....♣♣
**♣....≈≈≈$$..≈≈♣ ≈ *
♣..≈≈w≈≈.≈≈.♣♣♣
♣.§≈.D.=.≈≈.♣
*≈**♣≈.≈@.♣♣♣...♣ **
...≈.≈♣♣♣♣ ♣≈≈♣♣ ≈ * *
.≈≈.≈♣ * * ♣≈♣♣ .≈≈.♣,
≈≈≈ ≈ ≈ , ≈≈.≈≈ ≈*
≈≈≈≈≈, ≈.. ♣..≈≈≈. ..
♣≈.≈..≈. , ♣♣♣♣♣≈♣.. ≈ *
♣♣♣♣♣ *


You could see a six-headed hydra and a swamp worm.

Vanquished Creatures
  Rupert (D:14)
  A thorn hunter (Swamp:2)
  Gastronok (Lair:1)
  Roxanne (Spider:1)
  Donald (Spider:1)
  2 orc warlords
  3 ghost moths (Spider:4)
  Aizul (Spider:1)
  2 emperor scorpions (Spider:4)
  4 entropy weavers
  3 spark wasps
  Snorg (Lair:3)
  Josephine (Spider:1)
  Fannar (Lair:1)
  Harold (D:7)
  A ghost crab (Swamp:1)
  11 hydras
  A merfolk avatar (Lair:6)
  2 shambling mangroves (Swamp:1)
  An ogre mage (D:15)
  Erica (Orc:1)
  4 centaur warriors
  A queen ant (Lair:3)
  11 two-headed ogres
  9 alligators
  2 orc high priests (Orc:2)
  A vampire mage (D:15)
  2 tengu warriors (D:15)
  3 spriggans (Swamp:1)
  Nergalle (Lair:1)
  2 skeletal warriors (D:15)
  An unseen horror (shapeshifter) (D:14)
  2 unseen horrors (D:15)
  A lindwurm (Lair:6)
  2 harpies (Lair:6)
  A necromancer (D:15)
  An oklob plant (Lair:4)
  15 orb spiders
  5 orc knights
  30 wolf spiders
  5 orc sorcerers
  2 manticores
  A deep elf mage (D:12)
  A fire giant zombie (D:15)
  13 ugly things
  4 cyclopes
  A moth of wrath (Spider:1)
  6 black mambas
  Joseph (D:8)
  6 elephants
  Maurice (D:13)
  A torpor snail (Lair:3)
  14 spiny frogs
  Psyche (D:9)
  8 rime drakes (Lair:6)
  3 gargoyles
  13 demonic crawlers
  8 komodo dragons
  9 polar bears
  32 jumping spiders
  7 trolls
  7 tyrant leeches
  Grinder (D:3)
  16 hornets
  A wind drake (Lair:6)
  13 blink frogs
  2 slime creatures (Swamp:2)
  A spriggan zombie (D:15)
  A bog body (Swamp:1)
  15 hippogriffs
  An ice dragon zombie (D:15)
  6 wraiths
  A spriggan (shapeshifter) (D:13)
  2 shadows
  57 redbacks
  32 tarantellas
  A spriggan skeleton (D:15)
  14 humans (D:14)
  37 yaks
  2 wyverns
  A golden eye (shapeshifter) (D:13)
  5 hungry ghosts
  Eustachio (D:4)
  19 vampire mosquitoes
  2 steam dragons
  Menkaure (D:6)
  9 insubstantial wisps (Swamp:1)
  6 wargs
  7 soldier ants (Lair:3)
  3 swamp worms
  18 water moccasins
  An acid dragon (D:14)
  2 swamp drakes (Swamp:1)
  12 porcupines
  A black bear (D:7)
  An eye of draining (D:15)
  2 ice beasts
  45 orc warriors
  2 sky beasts
  2 phantoms
  21 ogres
  2 necrophages
  18 centaurs
  20 crocodiles
  23 bullfrogs
  4 big kobolds
  Blork the orc (D:4)
  A water moccasin zombie (D:8)
  A wyvern skeleton (D:7)
  A scorpion (D:11)
  13 killer bees
  14 wights
  3 electric eels
  A howler monkey (D:6)
  5 crimson imps
  A centaur zombie (D:8)
  4 jellies
  2 bullfrog zombies
  4 bullfrog skeletons
  12 hounds
  23 orc wizards
  18 orc priests
  4 centaur skeletons
  2 gnoll shamans
  7 iguanas
  37 worker ants
  A hound zombie (D:7)
  A hound skeleton (D:7)
  A howler monkey zombie (D:7)
  A worker ant zombie (D:8)
  A howler monkey skeleton (D:4)
  15 gnolls
  14 adders
  3 shadow imps
  An adder zombie (D:6)
  3 worms
  A dart slug (D:4)
  9 leopard geckos
  117 orcs
  3 ball pythons
  6 giant cockroaches
  9 goblins
  8 hobgoblins
  10 jackals
  10 quokkas
  8 bats
  7 frilled lizards
  28 kobolds
  2 leopard gecko zombies
  A quokka skeleton (D:4)
  9 rats
  A plant (Lair:6)
1134 creatures vanquished.

Vanquished Creatures (collateral kills)
  A thorn hunter (Swamp:2)
  An emperor scorpion (Spider:4)
  An orb spider (Spider:4)
  A spiny frog (Swamp:2)
  A demonic crawler (Spider:4)
  2 redbacks (Spider:4)
7 creatures vanquished.

Vanquished Creatures (others)
  A centaur warrior (D:15)
  2 humans (D:14)
  An ogre (D:15)
  A shadow imp (D:15)
  2 orcs
  2 briar patches (Swamp:2)
  8 fungi
  9 plants
  6 withered plants
32 creatures vanquished.

Grand Total: 1173 creatures vanquished

Notes
Turn   | Place    | Note
-------+----------+-------------------------------------------
     0 | D:1      | Aviak the Spriggan Skald began the quest for the Orb.
     0 | D:1      | Reached XP level 1. HP: 10/10 MP: 5/5
   144 | D:1      | Reached XP level 2. HP: 12/14 MP: 1/7
   157 | D:1      | Learned a level 2 spell: Song of Slaying
   346 | D:1      | Reached skill level 5 in Charms
   700 | D:1      | Reached XP level 3. HP: 18/18 MP: 8/8
   872 | D:1      | Reached skill level 5 in Dodging
  1253 | D:2      | Found a faded altar of an unknown god.
  1436 | D:2      | Reached XP level 4. HP: 22/22 MP: 9/9
  2006 | D:3      | Learned a level 3 spell: Ozocubu's Armour
  2089 | D:3      | Reached XP level 5. HP: 23/25 MP: 4/10
  2235 | D:3      | Reached skill level 1 in Ice Magic
  2768 | D:3      | Noticed Grinder
  2800 | D:3      | Killed Grinder
  2800 | D:3      | Reached XP level 6. HP: 12/30 MP: 1/11
  3117 | D:3      | Found a blossoming altar of Fedhas.
  3210 | D:4      | Noticed Eustachio
  3216 | D:4      | Noticed Blork the orc
  3254 | D:4      | Killed Blork the orc
  3340 | D:4      | HP: 1/30 [ogre/+0 giant club (12)]
  3451 | D:4      | Reached skill level 10 in Dodging
  3451 | D:4      | Reached XP level 7. HP: 33/33 MP: 3/12
  3615 | D:4      | Killed Eustachio
  4500 | D:5      | Entered Level 5 of the Dungeon
  4820 | D:5      | Reached skill level 1 in Stealth
  4951 | D:5      | Reached skill level 1 in Shields
  5095 | D:5      | Reached skill level 2 in Stealth
  5182 | D:5      | Reached skill level 3 in Stealth
  5182 | D:5      | Reached XP level 8. HP: 37/37 MP: 0/13
  5662 | D:6      | Noticed Menkaure
  5679 | D:6      | Killed Menkaure
  5679 | D:6      | Reached skill level 4 in Stealth
  6009 | D:6      | Found a stormy altar of Qazlal.
  6010 | D:6      | Found a glowing golden altar of the Shining One.
  6014 | D:6      | Found a sacrificial altar of Ru.
  6036 | D:6      | Found a staircase to the Ecumenical Temple.
  6075 | D:6      | Reached skill level 5 in Stealth
  6095 | Temple   | Entered the Ecumenical Temple
  6161 | Temple   | Became a worshipper of Gozag Ym Sagoz the Greedy
  6282 | D:6      | You fall into a shaft and drop 2 floors!
  6459 | D:7      | Found Hoyhe's Book Boutique.
  6568 | D:7      | Found Jekhetiz's Weapon Shop.
  6574 | D:7      | Found Kaerikh's Jewellery Boutique.
  6601 | D:7      | Reached skill level 6 in Stealth
  6777 | D:7      | Reached skill level 7 in Stealth
  7135 | D:7      | Reached XP level 9. HP: 41/41 MP: 11/14
  7159 | D:7      | Reached skill level 5 in Shields
  7274 | D:7      | Noticed Harold
  7328 | D:7      | Killed Harold
  7328 | D:7      | Reached skill level 8 in Stealth
  7394 | D:7      | Reached skill level 9 in Stealth
  7546 | D:7      | Found a shattered altar of Ashenzari.
  8400 | D:8      | Reached skill level 10 in Stealth
  8647 | D:8      | Noticed a two-headed ogre
  8694 | D:8      | Killed a two-headed ogre
  8694 | D:8      | Reached skill level 11 in Stealth
  8694 | D:8      | Reached XP level 10. HP: 24/46 MP: 12/15
  8759 | D:8      | Noticed Joseph
  8783 | D:8      | Killed Joseph
  8783 | D:8      | Reached skill level 12 in Stealth
  9112 | D:8      | Found an iron altar of Okawaru.
  9112 | D:8      | Found a snail-covered altar of Cheibriados.
  9113 | D:8      | Found an ancient bone altar of Kikubaaqudgha.
  9113 | D:8      | Found a sparkling altar of Nemelex Xobeh.
  9113 | D:8      | Found a blossoming altar of Fedhas.
  9113 | D:8      | Found a shadowy altar of Dithmenos.
  9187 | D:7      | Bought the +7 captain's cutlass {speed, disarm} for 648
                  | gold pieces
  9187 | D:7      | Found the +7 captain's cutlass {speed, disarm}
  9501 | D:9      | Reached skill level 5 in Short Blades
  9515 | D:9      | Noticed Psyche
  9524 | D:9      | Killed Psyche
  9834 | D:9      | Found a staircase to the Lair.
  9921 | D:9      | Found a roughly hewn altar of Beogh.
  9921 | D:9      | Found a staircase to the Orcish Mines.
 10505 | D:7      | Bought a book of Maledictions for 350 gold pieces
 10509 | D:7      | Learned a level 3 spell: Dazzling Flash
 10512 | D:7      | Learned a level 2 spell: Ensorcelled Hibernation
 10583 | D:10     | Entered Level 10 of the Dungeon
 10622 | D:9      | Reached XP level 11. HP: 48/54 MP: 10/16
 10627 | D:9      | Reached skill level 1 in Hexes
 10848 | D:10     | Reached skill level 1 in Conjurations
 11121 | D:10     | Noticed a two-headed ogre
 11139 | D:10     | Killed a two-headed ogre
 11652 | D:11     | Noticed a six-headed hydra
 11915 | D:11     | Killed a six-headed hydra
 12043 | D:11     | Reached skill level 5 in Hexes
 12641 | D:11     | Reached skill level 1 in Evocations
 13098 | D:12     | Noticed an eight-headed hydra
 13102 | D:12     | Noticed a two-headed ogre
 13121 | D:12     | Killed a two-headed ogre
 13311 | D:12     | Killed an eight-headed hydra
 13340 | D:12     | Reached XP level 12. HP: 58/58 MP: 15/20
 13484 | D:12     | Reached skill level 5 in Spellcasting
 13499 | D:12     | Noticed a two-headed ogre
 13508 | D:12     | Killed a two-headed ogre
 13609 | D:12     | Reached skill level 5 in Evocations
 13633 | D:12     | Noticed a two-headed ogre
 13636 | D:12     | Killed a two-headed ogre
 13815 | D:12     | Found Sugaxkec's Weapon Shop.
 14115 | Lair:1   | Entered Level 1 of the Lair of Beasts
 14207 | Lair:1   | Noticed Fannar
 14218 | Lair:1   | Noticed a five-headed hydra
 14238 | Lair:1   | Killed Fannar
 14345 | Lair:1   | Noticed Nergalle
 14348 | Lair:1   | Killed a five-headed hydra
 14362 | Lair:1   | Killed Nergalle
 14362 | Lair:1   | Reached skill level 10 in Short Blades
 14668 | Lair:1   | Noticed Gastronok
 14677 | Lair:1   | Killed Gastronok
 14939 | Lair:1   | You fall into a shaft and drop 1 floor!
 15791 | Lair:2   | Reached XP level 13. HP: 61/63 MP: 24/26
 16250 | Lair:3   | Noticed Snorg
 16260 | Lair:3   | Killed Snorg
 16568 | Lair:3   | Found a hole to the Spider Nest.
 16590 | Lair:3   | Found a staircase to the Swamp.
 16868 | Lair:3   | Reached skill level 10 in Evocations
 17974 | Lair:4   | Found a runed translucent gate.
 17975 | Lair:4   | Found a runed translucent gate.
 17981 | Lair:4   | Found a runed translucent gate.
 18007 | Lair:4   | Noticed SamuraiZach's ghost (journeyman TrBe)
 18007 | Lair:4   | Noticed runemage's ghost (journeyman GnFi)
 19766 | Lair:6   | Entered Level 6 of the Lair of Beasts
 20094 | Lair:6   | Reached XP level 14. HP: 67/67 MP: 28/28
 20212 | Lair:6   | Found a staircase to the Slime Pits.
 20218 | Lair:6   | Found a viscous altar of Jiyva.
 20428 | Lair:6   | Found the +11 plutonium sword {*Contam Stlth-}
 21330 | D:9      | Bought a +4 ring of protection for 648 gold pieces
 21364 | Orc:1    | Entered Level 1 of the Orcish Mines
 21391 | Orc:1    | Noticed an orc warlord
 21435 | Orc:1    | Killed an orc warlord
 21647 | Orc:1    | Reached skill level 15 in Evocations
 21653 | Orc:1    | Noticed Erica
 21668 | Orc:1    | Killed Erica
 21878 | Orc:1    | Found a runed translucent gate.
 21879 | Orc:1    | Found a runed translucent gate.
 21882 | Orc:1    | Found a runed translucent gate.
 21882 | Orc:1    | Noticed Dienlag's ghost (novice OpMo)
 22200 | Orc:2    | Entered Level 2 of the Orcish Mines
 22200 | Orc:2    | Found Qenwilei's Antique Armour Boutique.
 22237 | Orc:2    | Bought a twisted robe for 210 gold pieces
 22249 | Orc:2    | Identified the cursed +1 robe of Refuge {rElec rN+ Int+4}
                  | (You bought it in a shop on level 2 of the Orcish Mines)
 22452 | Orc:2    | Found a roughly hewn altar of Beogh.
 22487 | Orc:2    | Found a roughly hewn altar of Beogh.
 22856 | Orc:2    | Found a roughly hewn altar of Beogh.
 22907 | Orc:2    | Found a roughly hewn altar of Beogh.
 22917 | Orc:2    | Found Vogegyit's General Store.
 22960 | Orc:2    | Bought a scroll of identify for 32 gold pieces
 22960 | Orc:2    | Bought a wand of iceblast (10) for 224 gold pieces
 22960 | Orc:2    | Bought a scroll of teleportation for 48 gold pieces
 23009 | Orc:2    | Found a roughly hewn altar of Beogh.
 23126 | Orc:2    | Found a staircase to the Elven Halls.
 23160 | Orc:2    | Found a roughly hewn altar of Beogh.
 23161 | Orc:2    | Found Femiadd's Gadget Shoppe.
 23275 | Orc:2    | Bought a wand of iceblast (7) for 121 gold pieces
 23275 | Orc:2    | Bought a wand of iceblast (7) for 121 gold pieces
 23275 | Orc:2    | Bought a tin of tremorstones (3/3) for 440 gold pieces
 23275 | Orc:2    | Bought a box of beasts for 220 gold pieces
 23381 | Orc:2    | Noticed an orc warlord
 23465 | Orc:2    | Killed an orc warlord
 23482 | Orc:2    | Gained mutation: You are frail. (-10% HP) [mutagenic glow]
 23522 | Orc:2    | Found Omidwaedy's Antique Weapon Shoppe.
 23523 | Orc:2    | Found a roughly hewn altar of Beogh.
 23526 | Orc:2    | Found Qihen's Antique Armour Emporium.
 23567 | Orc:2    | Bought a faintly glowing dagger for 203 gold pieces
 23567 | Orc:2    | Bought a dazzling dagger for 203 gold pieces
 23567 | Orc:2    | Identified the +3 dagger "Aczunn" {vamp, SInv} (You bought
                  | it in a shop on level 2 of the Orcish Mines)
 23570 | Orc:2    | Identified the +5 dagger of Son Hack {freeze, Dex+3} (You
                  | bought it in a shop on level 2 of the Orcish Mines)
 23854 | D:13     | Found a flagged portal.
 23907 | Bailey   | Entered a bailey
 23959 | Bailey   | Found an iron altar of Okawaru.
 24003 | Bailey   | Got an ichor-stained troll leather armour
 24014 | Bailey   | Identified the +1 troll leather armour of Desocw {rC++
                  | Regen+} (You found it in a bailey)
 24156 | D:13     | Reached skill level 5 in Fighting
 24709 | D:13     | Noticed Maurice
 24718 | D:13     | Killed Maurice
 24876 | D:14     | Found a gate to the Vaults.
 24876 | D:14     | Noticed Rupert
 24895 | D:14     | Killed Rupert
 24895 | D:14     | Reached XP level 15. HP: 64/64 MP: 18/29
 24897 | D:14     | Reached skill level 10 in Spellcasting
 25311 | D:14     | Found Zucwoty's Magic Scroll Boutique.
 25319 | D:14     | Bought a scroll of identify for 28 gold pieces
 25319 | D:14     | Bought a scroll of identify for 28 gold pieces
 25319 | D:14     | Bought 3 scrolls of teleportation for 126 gold pieces
 25531 | D:14     | Found a transporter.
 25545 | D:14     | Found a bloodstained altar of Trog.
 25546 | D:14     | Identified the +10 great sword of Obem {speed, +Blink SInv}
 25547 | D:14     | Noticed Coguem Gaq's ghost (journeyman TrFi)
 25637 | D:15     | Entered Level 15 of the Dungeon
 25667 | D:15     | Found a staircase to the Depths.
 26298 | D:15     | Reached skill level 13 in Stealth
 27275 | D:14     | Noticed a frost giant
 27276 | D:14     | Noticed a sphinx
 27435 | D:9      | Bought the ring of Zunk {*Contam rPois rC+ rN+} for 586
                  | gold pieces
 27517 | Spider:1 | Entered Level 1 of the Spider Nest
 27517 | Spider:1 | Noticed Aizul
 27518 | Spider:1 | Noticed Josephine
 27790 | Spider:1 | Killed Aizul
 27790 | Spider:1 | Reached skill level 14 in Stealth
 27802 | Spider:1 | Killed Josephine
 28076 | Spider:1 | Found a frozen archway.
 28102 | Spider:1 | Noticed Roxanne
 28118 | Spider:1 | Killed Roxanne
 28131 | Spider:1 | Learned a level 6 spell: Statue Form
 28213 | Spider:1 | Reached XP level 16. HP: 72/72 MP: 32/32
 28426 | Spider:1 | Reached skill level 1 in Transmutations
 28608 | Spider:1 | Noticed Donald
 28617 | Spider:1 | Reached skill level 15 in Dodging
 28624 | Spider:1 | Killed Donald
 28654 | Spider:1 | Reached skill level 15 in Stealth
 29128 | Spider:2 | Reached skill level 5 in Transmutations
 29620 | Spider:2 | Reached skill level 16 in Stealth
 30420 | Spider:3 | Gained mutation: You are weak. (Str -2) [mutagenic glow]
 30894 | Spider:3 | Reached skill level 17 in Stealth
 31382 | Spider:4 | Entered Level 4 of the Spider Nest
 31665 | Spider:4 | Gained mutation: You are somewhat resistant to further
                  | mutation. [mutagenic glow]
 31680 | Spider:4 | Reached skill level 10 in Transmutations
 32058 | Spider:4 | Reached skill level 18 in Stealth
 32336 | Spider:4 | Reached XP level 17. HP: 60/76 MP: 22/33
 32903 | Spider:4 | Got a gossamer rune of Zot
 33257 | Swamp:1  | Entered Level 1 of the Swamp
 33260 | Swamp:1  | Reached skill level 19 in Stealth
 33538 | Swamp:1  | Reached skill level 1 in Earth Magic
 34129 | Swamp:1  | HP: 3/76 [shambling mangrove (11)]
 34889 | Swamp:2  | Reached skill level 20 in Stealth
 35107 | Swamp:2  | Gained mutation: You are very frail. (-20% HP) [mutagenic
                  | glow]
 35143 | Swamp:2  | Lost mutation: You are very frail. (-20% HP) [potion of
                  | mutation]
 35143 | Swamp:2  | Lost mutation: You are weak. (Str -2) [potion of mutation]
 35144 | Swamp:2  | Lost mutation: You are frail. (-10% HP) [potion of
                  | mutation]
 35144 | Swamp:2  | Lost mutation: You are somewhat resistant to further
                  | mutation. [potion of mutation]
 35144 | Swamp:2  | Gained mutation: You are clumsy. (Dex -2) [potion of
                  | mutation]
 35144 | Swamp:2  | Gained mutation: You are occasionally teleported next to
                  | monsters. [potion of mutation]
 35144 | Swamp:2  | Gained mutation: Your spells are a little harder to cast,
                  | but a little more powerful. [potion of mutation]
 35144 | Swamp:2  | Gained mutation: Your mind is acute. (Int +2) [potion of
                  | mutation]
 35145 | Swamp:2  | Lost mutation: You are clumsy. (Dex -2) [potion of
                  | mutation]
 35145 | Swamp:2  | Lost mutation: Your mind is acute. (Int +2) [potion of
                  | mutation]
 35145 | Swamp:2  | Lost mutation: Your spells are a little harder to cast, but
                  | a little more powerful. [potion of mutation]
 35145 | Swamp:2  | Gained mutation: Your mind is acute. (Int +2) [potion of
                  | mutation]
 35145 | Swamp:2  | Gained mutation: Your muscles are strong. (Str +2) [potion
                  | of mutation]
 35145 | Swamp:2  | Gained mutation: Your flesh is heat resistant. (rF+)
                  | [potion of mutation]
 35145 | Swamp:2  | Gained mutation: You expend magic power (3 MP) to
                  | strengthen your wands. [potion of mutation]
 35146 | Swamp:2  | Lost mutation: Your mind is acute. (Int +2) [potion of
                  | mutation]
 35146 | Swamp:2  | Lost mutation: You are occasionally teleported next to
                  | monsters. [potion of mutation]
 35146 | Swamp:2  | Gained mutation: Your body sometimes deteriorates upon
                  | taking damage. [potion of mutation]
 35146 | Swamp:2  | Gained mutation: You passively map a small area around you.
                  | [potion of mutation]
 35313 | Swamp:2  | Slain by a six-headed hydra

Illustrated notes

Levels and vault maps discovered:
D:1:      eino_arrival_druids_welcome, layout_basic, serial_bayou,
          serial_bayou_pond_e, serial_bayou_lagoon_a, serial_bayou_pond_c,
          serial_bayou_pond_b, hangedman_abyss_or_decor_stabs, kennysheep_boxes
D:2:      layout_loops_ring, chequers_ecumenical_altar_simple_redux
D:3:      layout_basic, fedhas_altar_3, uniq_grinder
D:4:      layout_basic, uniq_blork_the_orc, uniq_eustachio
D:5:      layout_loops_cross, first_ration, minmay_quadrilaterals
D:6:      layout_basic, minitemple, minmay_temple_entry_glassed_door,
          uniq_menkaure
D:7:      layout_loops_ring, old_standard_altar, serial_shops, shop_statue,
          shop, shop, minmay_door_square, grunt_ogre_cave, uniq_harold
D:8:      layout_gridville, grunt_temple_overflow_open, fungi_pond_lemuel,
          uniq_joseph
D:9:      layout_cave_pods, minmay_lair_entry_grove, david_orc_5, uniq_psyche
D:10:     layout_irregular_city, eino_small_chamber_without_monster,
          grunt_ministairs_9
D:11:     layout_long_grid
D:12:     layout_loops_ring, serial_shops, kennysheep_little_box, minivault_1
D:13:     layout_gridville, enter_bailey_2, fountainhead, uniq_maurice
D:14:     minmay_connected_triangles_in_corner, layout_rooms, david_vaults_3,
          gammafunk_ghost_wrathful_warriors, minivault_4, serial_shops, shop,
          nicolae_looking_at_the_future
D:15:     gammafunk_depths_entry_grave, layout_rooms, minmay_misc_feat_ornament
Temple:   nicolae_temple_x_marks_the_god
Lair:1:   layout_long_grid, uniq_nergalle, uniq_gastronok, uniq_fannar
Lair:2:   minmay_lair_oklob_tunnel, layout_hall_layers
Lair:3:   layout_gridlike, minmay_swamp_entry_worms, spider_nest_entry_rubble,
          zaba_antful_of_joy, serial_bayou_shore_b, uniq_snorg
Lair:4:   layout_loops_ring, gammafunk_ghost_cemetery,
          chequers_serial_rivers_micro_e, minivault_24, st_stairs_6,
          bh_chokoban, grunt_megastairs_2, serial_bayou_shore_b
Lair:5:   layout_layer_cave, serial_bayou_crossing
Lair:6:   gammafunk_lair_ancient_temple, layout_gridlike, slime_altar_1,
          minmay_lair_drake_nest
Swamp:1:  layout_falls_marsh, nicolae_swamp_trees_clearing
Swamp:2:  layout_basic_swamp, evilmike_swamp_ruin_house_3
Spider:1: nicolae_spider_hall_of_the_moth_king, portal_ice_cave_entry_pillars_1,
          uniq_rupert, uniq_roxanne, uniq_josephine, uniq_aizul, uniq_donald
Spider:2: layout_spider_delve, nicolae_spider_cling_halls
Spider:3: layout_spider_delve
Spider:4: spider_rune_water
Orc:1:    layout_diamond_mine, gammafunk_ghost_split, serial_shops,
          shop_fountains, uniq_erica
Orc:2:    grunt_orc_community_town_hall, layout_caves,
          grunt_orc_community_big_house_1, grunt_orc_community_big_house_2,
          grunt_orc_community_house_3, grunt_orc_community_house_2,
          grunt_orc_community_house_2, grunt_orc_community_house_3,
          grunt_orc_community_house_3, grunt_orc_community_house_3,
          serial_shops, shop, nicolae_orc_rockfall

Skill      XL: |  1  2  3  4  5  6  7  8  9 10 11 12 13 14 15 16 17 |
---------------+----------------------------------------------------+-----
Spellcasting   | 3 4 8 9 11 | 11.2
Dodging        | 4 6 7 9 10 11 12 14 15 | 15.0
Charms         | 5 |  5.0
Ice Magic      | 2 |  2.0
Stealth        | 3 7 11 12 14 18 20 | 20.7
Shields        | 2 4 7 |  7.2
Fighting       | 4 5 7 8 |  8.0
Short Blades   | 6 8 10 13 14 | 14.0
Hexes          | 5 |  5.3
Conjurations   | 4 |  4.0
Evocations     | 3 8 12 16 | 16.5
Transmutations | 10 12 | 12.0
Earth Magic    | 4 |  4.0

Action                   |  1- 3 |  4- 6 |  7- 9 | 10-12 | 13-15 | 16-18 || total
-------------------------+-------+-------+-------+-------+-------+-------++-------
Melee: Short sword       |   137 |   311 |   747 |    31 |       |       ||  1226
       Cutlass           |       |       |       |   811 |  1643 |   975 ||  3429
 Cast: Infusion          |    12 |    13 |    25 |    11 |     1 |     1 ||    63
       Song of Slaying   |     3 |     2 |     7 |    14 |    19 |     2 ||    47
       Ozocubu's Armour  |       |     3 |     5 |    16 |     4 |     4 ||    32
       Dazzling Flash    |       |       |       |    29 |   148 |    51 ||   228
       Ensorcelled Hiber |       |       |       |     6 |    51 |   118 ||   175
Invok: Potion Petition   |       |       |       |     1 |     1 |     3 ||     5
       Call Merchant     |       |       |       |       |     2 |       ||     2
 Abil: Evoke Invisibilit |       |       |       |     1 |     5 |    14 ||    20
Evoke: Wand              |       |       |    10 |     4 |    14 |     8 ||    36
       Lightning rod     |       |       |       |       |    26 |    12 ||    38
       Tin of tremorston |       |       |       |       |     2 |       ||     2
       Box of beasts     |       |       |       |       |       |     3 ||     3
  Use: Scroll            |       |     3 |     2 |     9 |    21 |     1 ||    36
       Potion            |       |     2 |     4 |       |     6 |     5 ||    17
 Stab: Sleeping          |     1 |     2 |     9 |    56 |    73 |    71 ||   212
       Distracted        |       |       |     3 |     9 |    11 |     9 ||    32
       Invisible         |       |       |     7 |    15 |   123 |   104 ||   249
       Held in net/web   |       |       |       |       |     2 |       ||     2
  Eat: Ration            |       |     1 |     4 |     6 |    10 |     6 ||    27
Armor: Robe              |     8 |    49 |    72 |    42 |    56 |    70 ||   297
Dodge: Dodged            |   110 |   336 |   615 |   467 |   708 |   750 ||  2986
Block: Buckler           |       |       |   274 |   286 |   391 |   260 ||  1211
